 Dungeon Crawl Stone Soup version 0.14.0-24-gfb45beb (webtiles) character file.

2257 Qrupt the Covered (level 9, -7/71 HPs)
             Began as a Human Wanderer on Apr 21, 2014.
             Was a Follower of Okawaru.
             Mangled by a gnoll
             ... wielding a +0,+0 halberd
              (11 damage)
             ... on Level 6 of the Dungeon.
             The game lasted 00:22:25 (9470 turns).

Qrupt the Covered (Human Wanderer)                  Turns: 9470, Time: 00:22:26

HP  -7/71        AC 14     Str 15      XL: 9   Next: 40%
MP  10/10        EV  4     Int 12      God: Okawaru [*.....]
Gold 323         SH  0     Dex 11 (14) Spells:  0 memorised,  8 levels left

rFire  . . .     SeeInvis .     b - +0 hand axe
rCold  . . .     Clarity  .     H - +1 plate armour
rNeg   . . .     Conserve .     (no shield)
rPois  .         rCorr    .     (no helmet)
rElec  .         rRot     .     (no cloak)
SustAb . .       Spirit   .     (no gloves)
rMut   .         Warding  .     p - -1 pair of boots
Saprov . . .     Stasis   .     (no amulet)
MR     .....                    (no ring)
                                (no ring)

@: not resistant to hostile enchantments, extremely unstealthy
A: no striking features
a: Heroism, Renounce Religion


You were on level 6 of the Dungeon.
You worshipped Okawaru.
Okawaru was aware of your devotion.
You were very hungry.

You visited 2 branches of the dungeon, and saw 8 of its levels.

You collected 323 gold pieces.

Inventory:

Hand weapons
 b - a +0,+0 hand axe (weapon)
Missiles
 D - a steel tomahawk (quivered)
Armour
 p - a -1 pair of boots (worn)
 H - a +1 plate armour (worn)
Magical devices
 o - a wand of slowing (0)
 y - a wand of draining (0)
 B - a wand of cold (0)
 E - a wand of confusion (8)
Comestibles
 c - 4 bread rations
 G - a honeycomb
Scrolls
 g - 4 scrolls of remove curse {unknown}
 j - a scroll of enchant weapon II {unknown}
 k - 2 scrolls of fog {unknown}
 l - 3 scrolls of teleportation {unknown}
 n - a scroll of amnesia {unknown}
 q - a scroll of random uselessness {unknown}
 s - a scroll of magic mapping {unknown}
 t - 2 scrolls of identify {unknown}
 u - 4 scrolls of noise {unknown}
 w - a scroll of immolation {unknown}
 F - a scroll of recharging {unknown}
Jewellery
 C - an uncursed ring of sustenance {unknown}
Potions
 d - a potion of degeneration {unknown}
 e - a potion of brilliance {unknown}
 h - 2 potions of restore abilities {unknown}
 i - a potion of paralysis {unknown}
 m - a potion of lignification {unknown}
 r - a potion of curing
 x - a potion of magic {unknown}
 A - a potion of agility {unknown}


   Skills:
 + Level 6.9 Fighting
 + Level 7.0 Axes
   Level 1.0 Maces & Flails
 - Level 1.0 Throwing
 + Level 7.5 Armour
 - Level 1.0 Evocations


You had 8 spell levels left.
You didn't know any spells.

Dungeon Overview and Level Annotations

Branches:
Dungeon (7/15)             Temple (1/1) D:5

Altars:
Ashenzari
Cheibriados
Dithmenos
Elyvilon
Fedhas
Kikubaaqudgha
Makhleb
Okawaru
Sif Muna
Vehumet
Xom
Yredelemnul
Zin
The Shining One

Shops:
D:6 *


Message History

The gnoll hits you.
* * * LOW HITPOINT WARNING * * *
You hit the gnoll but do no damage.
The gnoll is almost dead.
The gnoll hits you but does no damage.
The gnoll hits you from afar with a halberd.
* * * LOW HITPOINT WARNING * * *
The gnoll barely misses you.
You hit the gnoll but do no damage.
The gnoll is almost dead.
The gnoll hits you from afar with a halberd.
* * * LOW HITPOINT WARNING * * *
The gnoll hits you.
* * * LOW HITPOINT WARNING * * *
You hit the gnoll but do no damage.
The gnoll is almost dead.
The gnoll hits you.
* * * LOW HITPOINT WARNING * * *
The gnoll hits you from afar with a halberd!
You die...

...#.###.##.#
####.###.##.#####
......<.........##
####.###....#....#
####.###....#....#
.................#
............#....#
.%..s(..........<#
########...###..@#
#..##⌠##g.#
##..#_#g..#
##...s...#
#...)....#
#...∩....#
##.......#
##...#### #####


You could see 2 gnolls and a giant mite.

Vanquished Creatures
  An ogre (D:4)
  3 centaurs
  3 sky beasts (D:5)
  Duvessa (D:4)
  3 giant frogs
  2 scorpions
  An orc warrior (D:4)
  2 jellies
  A big fish (D:6)
  Dowan (D:4)
  A quasit (D:6)
  3 orc wizards
  2 orc priests
  2 hounds
  6 worker ants
  2 iguanas (D:5)
  Natasha (thrice) (D:4)
  7 gnolls
  A shadow imp (D:5)
  4 adders
  A giant mite (D:1)
  2 worms
  An iguana skeleton (D:4)
  5 giant geckos
  2 oozes (D:1)
  30 orcs
  9 bats
  A bat skeleton (D:4)
  3 giant cockroaches
  11 goblins
  9 hobgoblins
  8 jackals
  16 kobolds
  5 quokkas
  5 giant newts
  10 rats
  A rat skeleton (D:5)
  A rat zombie (D:6)
169 creatures vanquished.

Vanquished Creatures (others)
  2 plants (D:6)
2 creatures vanquished.

Grand Total: 171 creatures vanquished

Notes
Turn   | Place    | Note
--------------------------------------------------------------
     0 | D:1      | Qrupt, the Human Wanderer, began the quest for the Orb.
     0 | D:1      | Reached XP level 1. HP: 16/16 MP: 1/1
   149 | D:1      | Reached XP level 2. HP: 16/22 MP: 2/2
   522 | D:1      | Reached XP level 3. HP: 21/28 MP: 3/3
  1535 | D:2      | Reached XP level 4. HP: 32/34 MP: 4/4
  2193 | D:3      | Found a shimmering altar of Xom.
  2523 | D:3      | Reached skill level 4 in Armour
  2523 | D:3      | Reached XP level 5. HP: 21/41 MP: 5/5
  3589 | D:3      | Reached XP level 6. HP: 40/47 MP: 7/7
  3827 | D:4      | Noticed an ogre
  4076 | D:4      | Killed an ogre
  4132 | D:4      | Noticed Duvessa
  4132 | D:4      | Noticed Dowan
  4372 | D:4      | Reached XP level 7. HP: 15/54 MP: 8/8
  4382 | D:5      | Entered Level 5 of the Dungeon
  4625 | D:4      | Killed Dowan
  4625 | D:4      | Reached skill level 5 in Armour
  5364 | D:4      | Noticed Natasha
  5381 | D:4      | Killed Natasha
  5552 | D:4      | Noticed Natasha
  5563 | D:4      | Killed Natasha
  5637 | D:4      | Noticed an orc warrior
  5648 | D:4      | Killed an orc warrior
  5927 | D:4      | Killed Duvessa
  5927 | D:4      | Reached skill level 5 in Fighting
  5927 | D:4      | Reached skill level 5 in Axes
  5927 | D:4      | Reached XP level 8. HP: 56/62 MP: 9/9
  6079 | D:4      | Noticed Natasha
  6088 | D:4      | Killed Natasha
  6188 | D:4      | Reached skill level 6 in Armour
  7294 | D:5      | Found a staircase to the Ecumenical Temple.
  7307 | Temple   | Entered the Ecumenical Temple
  7542 | Temple   | Became a worshipper of Warmaster Okawaru
  7633 | D:5      | Noticed a steam dragon
  7736 | D:5      | Reached XP level 9. HP: 59/69 MP: 10/10
  7872 | D:6      | Found Zin's Purification Station.
  7882 | D:6      | Reached skill level 7 in Armour
  7886 | D:6      | Found a glowing silver altar of Zin.
  8846 | D:6      | Found a basalt altar of Yredelemnul.
  9448 | D:6      | Acquired Okawaru's first power
  9470 | D:6      | Mangled by a gnoll

Action                   |  1- 3 |  4- 6 |  7- 9 || total
-------------------------+-------+-------+-------++-------
Melee: Hand axe          |   120 |   194 |   561 ||   875
Throw: Tomahawk          |       |     1 |       ||     1
Evoke: Wand              |       |     2 |    16 ||    18
  Use: Potion            |       |     1 |     3 ||     4
 Stab: Confused          |       |       |     1 ||     1
       Invisible         |       |       |     1 ||     1
